 Dungeon Crawl Stone Soup version 0.28-a0-723-g095bd1b44f (webtiles) character file.

Game seed: 13811709080613478247

34 cheechan the Chopper (level 3, 0/26 HPs)
             Began as an Octopode Chaos Knight on Oct 25, 2021.
             Was a Plaything of Xom.
             Slain by a gnoll (13 damage)
             ... on level 2 of the Dungeon.
             The game lasted 00:03:39 (1206 turns).

cheechan the Chopper (Octopode Chaos Knight)        Turns: 1206, Time: 00:03:40

Health: 0/26       AC:  1    Str: 11    XL:     3   Next: 31%
Magic:  3/3        EV: 13    Int: 14    God:    Xom [..*...]
Gold:   24         SH:  0    Dex: 12    Spells: 2/2 levels left

rFire   . . .      SeeInvis .   a - +0 hand axe (chaos)
rCold   . . .      Faith    +   (no shield)
rNeg    . . .      Spirit   .   (helmet restricted)
rPois   .          Reflect  .   g - amulet of faith
rElec   .          Harm     .   (no ring)
rCorr   .          Rampage  .   (no ring)
Will    .....                   (no ring)
Stlth   +++.......              (no ring)
HPRegen 0.08/turn               (no ring)
MPRegen 0.08/turn               (no ring)
                                (no ring)
                                (no ring)

@: no status effects
A: almost no armour, amphibious, 8 rings, camouflage 1, gelatinous body 1,
(nimble swimmer 1), tentacles
a: Renounce Religion


You were on level 2 of the Dungeon.
You worshipped Xom.
You were a toy of Xom.
You visited 1 branch of the dungeon, and saw 2 of its levels.

You collected 24 gold pieces.

Inventory:

Hand Weapons
 a - a +0 hand axe of chaos (weapon)
 b - a +0 mace of protection
Missiles
 c - 34 stones
 h - 3 boomerangs (quivered)
 i - 20 sling bullets
Jewellery
 g - an amulet of faith (around mantle)
Potions
 d - a potion of degeneration {unknown}
 e - 2 potions of flight
 f - 2 potions of brilliance {unknown}


   Skills:
 + Level 3.4 Fighting
 + Level 3.5 Axes
 + Level 2.7 Dodging
 + Level 1.0 Stealth


You had 2 spell levels left.
You didn't know any spells.
Your spell library was empty.

Dungeon Overview and Level Annotations

Branches:
Dungeon (2/15)

Altars:


Innate Abilities, Weirdness & Mutations

You cannot wear most types of armour.
You are amphibious.
You can wear up to eight rings at the same time.
Your skin changes colour to match your surroundings (Stealth+).
Your rubbery body absorbs attacks. (AC +1, EV +1)
((You are camouflaged near water. (Stealth+)))
You have tentacles for arms and can constrict up to eight enemies at once.


Message History

You hear an angry hiss.
You hear a shout!
You hear an angry hiss. x2
A bat comes into view.
You hit the endoplasm.
The endoplasm is severely wounded.
The endoplasm freezes you.
You are frozen.
You hit the endoplasm.
You kill the endoplasm!
You closely miss the bat. You hit the endoplasm.
The endoplasm resists with significant effort.
The bat hits you but does no damage.
The teleport trap disappears.
The bat disappears!
A hobgoblin comes into view.
The endoplasm barely misses you.
You hit the endoplasm.
The endoplasm is almost dead.
The endoplasm freezes you.
You are frozen.
You barely miss the endoplasm.
The endoplasm is severely wounded.
The endoplasm freezes you.
You are frozen.
The gnoll closely misses you.
You barely miss the gnoll. You grab the gnoll.
You hit the hobgoblin but do no damage.
The hobgoblin suddenly seems more agile.
Xom thinks this is hilarious!
You hit the endoplasm.
You kill the endoplasm!
You constrict the gnoll.
A ball python comes into view.
The hobgoblin misses you. The gnoll misses you.
Your Stealth skill increases to level 1!
The ball python hisses angrily.
You hit the gnoll. You burn the gnoll.
The gnoll is heavily wounded.
You closely miss the hobgoblin.
You constrict the gnoll, but do no damage.
The hobgoblin hits you. The gnoll hits you with a +0 flail!
Ouch! That really hurt!
You die...

.............#
.........###.#..
.........###.#..
.............#..
...[.....###.#.. #
.........###.##.## ..#
#.............#..###....
#.#########...##.g....).
#.# ##....@gS...# #.#
#........### #.#
#####....!... #.#
##.###### .# .# )# .# .#


You could see a gnoll, a hobgoblin (agile) and a ball python.

Vanquished Creatures
  3 dart slugs (D:1)
  4 ball pythons
  2 bats (D:1)
  3 endoplasms
  2 giant cockroaches (D:1)
  2 goblins (D:1)
  2 hobgoblins (D:1)
  2 kobolds (D:1)
  3 frilled lizards (D:1)
  A rat (D:1)
24 creatures vanquished.

Notes
Turn   | Place    | Note
-------+----------+-------------------------------------------
     0 | D:1      | cheechan the Octopode Chaos Knight began the quest for the
                  | Orb.
     0 | D:1      | Reached XP level 1. HP: 16/16 MP: 1/1
     8 | D:1      | XOM: silly message
    43 | D:1      | XOM: silly message
   156 | D:1      | XOM: silly message
   190 | D:1      | XOM: divination: magic mapping
   252 | D:1      | Reached XP level 2. HP: 20/21 MP: 2/2
   797 | D:1      | Reached XP level 3. HP: 26/26 MP: 3/3
  1200 | D:2      | XOM: noise
  1206 | D:2      | Reached skill level 1 in Stealth
  1206 | D:2      | Slain by a gnoll

Illustrated notes

Levels and vault maps discovered:
D:1:      scummos_arrival_star, layout_basic
D:2:      layout_basic, chequers_ecumenical_altar_island,
          minmay_randomly_rotated_circles

Skill      XL: |  1  2  3 |
---------------+----------+-----
Stealth        | 1 |  1.0
Fighting       | |  3.4
Axes           | |  3.5
Dodging        | |  2.7

Action                   || total
-------------------------++-------
Melee: Hand axe          ||    43
       Constrict         ||    13
       Tentacles         ||     5
Throw: Boomerang         ||     3
  Use: Scroll            ||     1
 Stab: Sleeping          ||     3
Armor: Skin              ||     8
Dodge: Dodged            ||    28

Table legend: (Time is in decaauts)
 A = Elapsed time spent in this place.
 B = Non-inter-level travel time spent in this place.
 C = Inter-level travel time spent in this place.
 D = Time resting spent in this place.
 E = Time spent auto-exploring this place.
 F = Levels seen in this place.
 G = Mean time per level.
                   A        B        C        D        E       F      G
               +--------+--------+--------+--------+--------+-----+--------+
         Total |   1212 |   1212 |      0 |    223 |      0 |   2 |  606.0 |
       Dungeon |   1212 |   1212 |      0 |    223 |      0 |   2 |  606.0 |
               +--------+--------+--------+--------+--------+-----+--------+

Top non-repeatable levels by time:
     D:1: 1094 daAuts
     D:2: 117 daAuts
